 Dungeon Crawl Stone Soup version 0.27-a0-1591-gc56fcc985a (webtiles) character file.

Game seed: 8775163944830829338

12336 lunkers the Brawler (level 11, 0/99 HPs)
             Began as a Ghoul Warper on July 15, 2021.
             Was an Elder of Cheibriados.
             Slain by a small abomination (11 damage)
             ... in a Gauntlet on July 19, 2021.
             The game lasted 00:21:59 (11807 turns).

lunkers the Brawler (Ghoul Warper)                 Turns: 11807, Time: 00:22:00

Health: 0/99       AC: 16    Str: 28    XL:     11   Next: 91%
Magic:  0/12       EV: 11    Int: 19    God:    Cheibriados [****..]
Gold:   441        SH:  7    Dex: 17    Spells: 3/13 levels left

rFire    . . .     SeeInvis .     - Unarmed
rCold    + . .     Faith    .   t - +2 buckler of Truth {Int+2}
rNeg     + + +     Spirit   +   X - +2 ring mail {Will+}
rPois    ∞         Reflect  .   y - +1 helmet
rElec    .         Harm     .   l - +0 cloak
rCorr    +         Rampage  .   (no gloves)
Will     +....     NoTele   +   V - +1 pair of boots {Stlth+}
Stlth    ++........             j - amulet of guardian spirit
HPRegen  0.00/turn              g - ring of resist corrosion
MPRegen  0.13/turn              w - +4 ring of protection

@: very slow
A: claws 1, cold resistance 1, negative energy resistance 3, inhibited
regeneration, torment resistance 2
a: Renounce Religion, Bend Time, Temporal Distortion, Slouch


You were in a Gauntlet.
You worshipped Cheibriados.
Cheibriados was greatly pleased with you.
You visited 2 branches of the dungeon, and saw 12 of its levels.
You also visited: Gauntlet.

You collected 678 gold pieces.
You spent 237 gold pieces at shops.

Inventory:

Missiles
 c - 5 boomerangs of dispersal
 r - 5 boomerangs
 u - 3 curare-tipped darts
 S - 6 atropa-tipped darts
Armour
 a - the +1 leather armour of Sloth {rElec}
   (You found it on level 4 of the Dungeon)

   rElec:     It insulates you from electricity.
 l - a +0 cloak (worn)
 t - the +2 buckler of Truth (worn) {Int+2}
   (You bought it in a shop on level 8 of the Dungeon)

   Int:       It affects your intelligence (+2).
 y - a +1 helmet (worn)
 A - +0 acid dragon scales
 Q - +2 steam dragon scales
 V - a +1 pair of boots of stealth (worn)
 X - a +2 ring mail of willpower (worn)
Jewellery
 e - a ring of see invisible
 g - a ring of resist corrosion (left claw)
 j - an amulet of guardian spirit (around neck)
 m - a ring of wizardry
 q - a +6 ring of strength
 v - an amulet of faith
 w - a +4 ring of protection (right claw)
 x - an amulet of magic regeneration
 K - a ring of poison resistance
 L - a ring of wizardry
Wands
 k - a wand of paralysis (5)
 o - a wand of polymorph (13)
 C - a wand of acid (6)
 G - a wand of iceblast (16)
 I - a wand of flame (35)
 M - a wand of charming (13)
Scrolls
 b - 2 scrolls of blinking
 f - a scroll of torment
 i - 2 scrolls of enchant armour
 s - 3 scrolls of teleportation
 E - a scroll of immolation
 F - a scroll of fog
 H - 3 scrolls of enchant weapon
 U - a scroll of fear
Potions
 n - a potion of attraction
 p - a potion of resistance
 z - a potion of invisibility
 B - 5 potions of heal wounds
 D - a potion of might
 J - 2 potions of flight
 N - a potion of cancellation
 O - a potion of brilliance
 P - a potion of ambrosia {unknown}
 R - a potion of curing {unknown}


   Skills:
 + Level 9.8 Fighting
 - Level 0.8 Throwing
 - Level 0.8 Armour
 - Level 1.7 Dodging
 - Level 4.0 Shields
 * Level 16.2 Unarmed Combat
 - Level 1.7 Spellcasting
 - Level 2.6 Translocations
 * Level 2.0 Invocations


You had 3 spell levels left.
You knew the following spells:

 Your Spells              Type           Power      Damage    Failure   Level
b - Blink                 Tloc           N/A        N/A       13%         2
c - Gell's Gravitas       Tloc           5%         N/A       26%         3
d - Manifold Assault      Tloc           11%        N/A       93%         5

Your spell library contained the following spells:

 Spells                   Type           Power      Damage    Failure   Level
 Apportation              Tloc           22%        N/A       9%          1
 Animate Skeleton         Necr           2%         N/A       26%         1
 Corona                   Hex            1%         N/A       26%         1
 Freeze                   Ice            4%         1d3       26%         1
 Sting                    Tmut/Pois      4%         1d3       26%         1
 Summon Small Mammal      Summ           4%         N/A       26%         1
 Lesser Beckoning         Tloc           5%         N/A       26%         3
 Teleport Other           Tloc           11%        N/A       26%         3
 Poisonous Vapours        Pois/Air       2%         N/A       36%         2
 Frozen Ramparts          Ice            2%         1d2       58%         3
 Hailstorm                Conj/Ice       1%         3d3       94%         4
 Olgreb's Toxic Radiance  Pois           1%         N/A       94%         4
 Petrify                  Tmut/Erth      1%         N/A       94%         4
 Irradiate                Conj/Tmut      0%         3d14      100%        5
 Sublimation of Blood     Necr           Unusable   N/A       N/A         2

Dungeon Overview and Level Annotations

Branches:
Dungeon (11/15)            Temple (1/1) D:5            Lair (0/6) D:8
    Orc (0/2) D:10        Gauntlet (1/1)

Altars:
Ashenzari
Cheibriados
Dithmenos
Elyvilon
Fedhas
Gozag
Hepliaklqana
Kikubaaqudgha
Makhleb
Nemelex Xobeh
Okawaru
Qazlal
Ru
Sif Muna
Trog
Uskayaw
Vehumet
Wu Jian
Xom
Yredelemnul
Zin
The Shining One
Beogh

Shops:
D:8 *!:

Annotations:
Gauntlet 9 transporters, 4 runed translucent doors


Innate Abilities, Weirdness & Mutations

You thrive by killing the living.
You are immune to poison.
You have sharp fingernails.
Your flesh is cold resistant. (rC+)
You are immune to negative energy. (rN+++)
You do not regenerate when monsters are visible.
You are immune to unholy pain and torment.


Message History

The small abomination barely misses you.
Your Invocations skill increases to level 1!
Unknown command.
Unknown command.
You mangle the small abomination!!
You destroy the small abomination!
Cheibriados appreciates the change of pace.
You block the small abomination's attack.
The small abomination fails to trigger a net trap.
Unknown command.
You barely miss the small abomination.
The small abomination is almost destroyed.
The small abomination hits you.
* * * LOW HITPOINT WARNING * * *
You block the small abomination's attack.
You mangle the small abomination!!
You destroy the small abomination!
Cheibriados appreciates the change of pace.
The small abomination hits you but does no damage.
Unknown command.
You mangle the small abomination!!
The small abomination is almost destroyed.
The small abomination hits you.
* * * LOW HITPOINT WARNING * * *
The small abomination closely misses you.
You mangle the small abomination!!
You destroy the small abomination!
Cheibriados thoroughly appreciates the change of pace.
Your Invocations skill increases to level 2!
Unknown command.
You closely miss the small abomination. The small abomination hits you!
* * * LOW MAGIC WARNING * * *
* * * LOW HITPOINT WARNING * * *
Really walk into that dispersal trap?
You enter a dispersal trap!
The small abomination blinks!
The large abomination blinks!
You blink.
The small abomination barely misses you. x2
The small abomination hits you!
* * * LOW MAGIC WARNING * * *
You die...

#.##©##©#©#.........♣.≈##
##..#..##.#########.P.##
#.##.##.#.#.......#...≈##
#.......#.###.###[#...≈≈#
#########.##.§§#.(#.♣.≈##
........#©##X#©#.©#...##
..♣.♣P♣.###..#.§.!#...≈##
≈..P.P....#.###.#.#...≈≈#
##...PP.♣.#....x@.#.♣.≈##
#≈..P.PP.#########...##
#≈≈..................≈#
####≈≈≈#≈≈≈#≈≈≈#≈≈≈#≈≈≈#
##≈###≈###≈###≈###≈## ###
### ### ### ##


You could see a large abomination and a small abomination.

Vanquished Creatures
  A hydra (D:10)
  Pikel (D:7)
  A large abomination (Gauntlet)
  A slime creature (Gauntlet)
  A rust devil (Gauntlet)
  Joseph (D:10)
  Maggie (D:10)
  Grinder (D:4)
  A hornet (D:10)
  A shadow (D:8)
  A wyvern (D:9)
  A ynoxinul (Gauntlet)
  20 yaks
  2 steam dragons
  An acid dragon (D:9)
  3 water moccasins
  5 small abominations (Gauntlet)
  A swamp drake (D:4)
  An ice beast (D:6)
  7 orc warriors
  A necrophage (D:7)
  A black bear (D:7)
  7 centaurs
  7 kobold brigands
  3 scorpions
  4 bullfrogs
  A gnoll sergeant (D:7)
  15 killer bees
  A water moccasin skeleton (D:7)
  3 wights (D:8)
  4 howler monkeys
  A centaur zombie (D:9)
  2 hounds
  4 jellies
  4 orc priests
  2 centaur skeletons
  4 iron imps (Gauntlet)
  A gnoll shaman (D:6)
  2 iguanas
  9 orc wizards
  3 hound skeletons
  2 howler monkey zombies
  4 adders
  9 gnolls
  A shadow imp (D:6)
  3 white imps
  2 ufetubi (D:5)
  A worm (D:5)
  2 dart slugs (D:2)
  45 orcs
  9 ball pythons
  7 endoplasms
  3 giant cockroaches
  4 goblins
  6 hobgoblins
  5 jackals
  7 quokkas
  3 bats
  A frilled lizard (D:1)
  26 kobolds
  4 rats
275 creatures vanquished.

Vanquished Creatures (others)
  4 demonic plants (Gauntlet)
  5 plants (Gauntlet)
9 creatures vanquished.

Grand Total: 284 creatures vanquished

Notes
Turn   | Place    | Note
-------+----------+-------------------------------------------
     0 | D:1      | lunkers the Ghoul Warper began the quest for the Orb.
     0 | D:1      | Reached XP level 1. HP: 17/17 MP: 2/2
   415 | D:1      | Found a faded altar of an unknown god.
   444 | D:1      | Reached XP level 2. HP: 24/24 MP: 3/3
   495 | D:1      | Reached skill level 3 in Unarmed Combat
  1113 | D:2      | Reached XP level 3. HP: 29/29 MP: 4/4
  1157 | D:2      | Found an ornate altar of the Wu Jian Council.
  1168 | D:2      | Reached skill level 4 in Unarmed Combat
  1962 | D:3      | Reached XP level 4. HP: 34/36 MP: 5/5
  2364 | D:3      | Reached skill level 5 in Unarmed Combat
  2390 | D:3      | HP: 1/36 [orc (4)]
  2756 | D:3      | Reached XP level 5. HP: 30/41 MP: 6/6
  3236 | D:4      | Reached skill level 6 in Unarmed Combat
  3242 | D:4      | Noticed a kobold brigand
  3244 | D:4      | Identified the +1 leather armour of Sloth {rElec}
  3253 | D:4      | Killed a kobold brigand
  3254 | D:4      | Reached XP level 6. HP: 43/48 MP: 7/7
  3423 | D:4      | Reached skill level 7 in Unarmed Combat
  3674 | D:4      | Noticed Grinder
  3685 | D:4      | Killed Grinder
  3686 | D:4      | Reached skill level 8 in Unarmed Combat
  3686 | D:4      | Reached XP level 7. HP: 44/55 MP: 5/8
  3839 | D:4      | Reached skill level 9 in Unarmed Combat
  3995 | D:4      | Noticed Edmund
  3997 | D:4      | Noticed Edmund
  3997 | D:4      | Edmund changed into Edmund the swamp drake
  4009 | D:4      | Killed Edmund the swamp drake
  4123 | D:4      | Upgraded the game from 0.27-a0-1557-g57f10a385c to
                  | 0.27-a0-1591-gc56fcc985a
  4146 | D:5      | Entered Level 5 of the Dungeon
  4266 | D:5      | Noticed a steam dragon
  4275 | D:5      | Killed a steam dragon
  4276 | D:5      | Reached XP level 8. HP: 30/61 MP: 4/9
  4293 | D:5      | Reached skill level 10 in Unarmed Combat
  4696 | D:5      | Found a staircase to the Ecumenical Temple.
  5042 | D:6      | Reached skill level 11 in Unarmed Combat
  5567 | D:6      | Reached XP level 9. HP: 54/71 MP: 7/10
  5907 | Temple   | Entered the Ecumenical Temple
  6162 | Temple   | Became a worshipper of Cheibriados the Contemplative
  6203 | D:7      | Noticed Pikel
  6210 | D:7      | Reached skill level 12 in Unarmed Combat
  6215 | D:7      | Killed Pikel
  6312 | D:7      | Reached skill level 5 in Fighting
  6934 | D:7      | Reached * piety under Cheibriados
  6935 | D:7      | Reached skill level 13 in Unarmed Combat
  7924 | D:8      | Found Nudow's Distillery.
  7948 | D:8      | Paralysed by an orc for 5 turns
  7964 | D:8      | Reached skill level 1 in Shields
  7964 | D:8      | Reached XP level 10. HP: 78/83 MP: 11/11
  7970 | D:8      | Paralysed by an orc for 3 turns
  7981 | D:8      | Found Katzen's Assorted Antiques.
  7990 | D:8      | Found Jauts's Book Boutique.
  7993 | D:8      | Found Ceurhuz's Distillery.
  8001 | D:8      | Bought a masterwork buckler for 237 gold pieces
  8001 | D:8      | Identified the +2 buckler of Truth {Int+2} (You bought it
                  | in a shop on level 8 of the Dungeon)
  8223 | D:8      | Noticed a +0 hand axe
  8224 | D:8      | Noticed a +0 dagger
  8227 | D:8      | Found a hide-covered altar of Uskayaw.
  8241 | D:8      | Reached ** piety under Cheibriados
  8252 | D:8      | Learned a level 2 spell: Blink
  8256 | D:8      | Learned a level 3 spell: Gell's Gravitas
  8262 | D:8      | Learned a level 5 spell: Manifold Assault
  8479 | D:8      | Found a staircase to the Lair.
  8660 | D:9      | Reached skill level 14 in Unarmed Combat
  9160 | D:9      | Reached *** piety under Cheibriados
  9402 | D:9      | Reached XP level 11. HP: 87/94 MP: 10/12
  9663 | D:10     | Entered Level 10 of the Dungeon
  9820 | D:10     | Noticed Maggie
  9833 | D:10     | Killed Maggie
  9834 | D:10     | Reached skill level 15 in Unarmed Combat
  9970 | D:10     | Found a staircase to the Orcish Mines.
  9989 | D:10     | Reached **** piety under Cheibriados
 10482 | D:10     | Noticed Joseph
 10496 | D:10     | Killed Joseph
 10613 | D:10     | Noticed an eight-headed hydra
 11028 | D:10     | Killed an eight-headed hydra
 11199 | D:11     | Found a gate leading to a gauntlet.
 11211 | Gauntlet | Entered a Gauntlet
 11211 | Gauntlet | Found a transporter.
 11211 | Gauntlet | Found a runed translucent door.
 11212 | Gauntlet | Found a runed translucent door.
 11218 | Gauntlet | Found a transporter.
 11220 | Gauntlet | Found a transporter.
 11234 | Gauntlet | Found a transporter.
 11236 | Gauntlet | Found a transporter.
 11243 | Gauntlet | Noticed a large abomination
 11245 | Gauntlet | Found a transporter.
 11261 | Gauntlet | Noticed a brown ugly thing
 11261 | Gauntlet | Noticed a great orb of eyes
 11262 | Gauntlet | Found a transporter.
 11262 | Gauntlet | Noticed a brown ugly thing
 11272 | Gauntlet | Found a transporter.
 11282 | Gauntlet | Found a transporter.
 11284 | Gauntlet | Found the +2 hat of the Bear Spirit {Spirit, +Rage rN+
                  | Will++}
 11297 | Gauntlet | Found a transporter.
 11313 | Gauntlet | Found a runed translucent gate.
 11314 | Gauntlet | Found a runed translucent gate.
 11314 | Gauntlet | Found a transporter.
 11314 | Gauntlet | Found a transporter.
 11320 | Gauntlet | Found a runed translucent gate.
 11377 | Gauntlet | Found a transporter.
 11411 | Gauntlet | Found a transporter.
 11535 | Gauntlet | Reached skill level 16 in Unarmed Combat
 11553 | Gauntlet | Identified the +6 great sword "Fatecet" {vorpal, *Slow
                  | rPois Str+6}
 11800 | Gauntlet | Killed a large abomination
 11801 | Gauntlet | Reached skill level 1 in Invocations
 11807 | Gauntlet | Slain by a small abomination

Illustrated notes

Levels and vault maps discovered:
D:1:      lemuel_arrival_behind_the_door_small, layout_basic,
          shapermc_ecumenical_altar_notcrosses
D:2:      layout_basic, basic_altar, due_unseen_surprise
D:3:      layout_basic
D:4:      layout_gridville, dk_vineyard_3, st_stairs_9, uniq_edmund,
          uniq_grinder
D:5:      layout_loops_ring, temple_statues, minmay_misc_feat_secret_circle,
          kennysheep_potato
D:6:      layout_basic, supply_closet_lemuel
D:7:      layout_layer_cave, minmay_misc_feat_x, kennysheep_generic_room_7,
          uniq_pikel
D:8:      layout_loops_ring, dancing_weapons_uskayaw, lair_entry_dummy,
          nicolae_ossuary_entry_ruins, minmay_shop_grid_forest
D:9:      layout_gridville
D:10:     layout_rooms, david_orc_5, uniq_maggie, uniq_joseph
D:11:     layout_irregular_city, gammafunk_ghost_necromancy,
          gauntlet_entry_generic, uniq_maurice, uniq_snorg
Temple:   nicolae_temple_the_god_donut
Gauntlet: minmay_gauntlet_77_tree [minmay_gauntlet_arena_77_shame_cube,
          minmay_gauntlet_arena_77_run_for_it, minmay_gauntlet_arena_77_braids,
          minmay_gauntlet_arena_77_mess, minmay_gauntlet_arena_77_museum,
          minmay_gauntlet_arena_77_block_sizes,
          minmay_gauntlet_arena_77_broken_ladder, gauntlet_exit_watery]

Skill      XL: |  1  2  3  4  5  6  7  8  9 10 11 |
---------------+----------------------------------+-----
Unarmed Combat | 3 4 5 6 8 9 11 13 14 16 | 16.2
Fighting       | 3 6 8 9 |  9.8
Shields        | 1 4 |  4.0
Invocations    | 2 |  2.0
Throwing       | |  0.8
Armour         | |  0.8
Dodging        | |  1.7
Spellcasting   | |  1.7
Translocations | |  2.6

Action                   |  1- 3 |  4- 6 |  7- 9 | 10-12 || total
-------------------------+-------+-------+-------+-------++-------
Melee: Unarmed           |   115 |   145 |   281 |   370 ||   911
       Punch             |     2 |     5 |     7 |       ||    14
 Cast: Gell's Gravitas   |       |       |       |     3 ||     3
Invok: Slouch            |       |       |       |     1 ||     1
Evoke: Wand              |       |       |     3 |     5 ||     8
  Use: Scroll            |       |       |    16 |     5 ||    21
Armor: Leather armour    |    34 |    10 |    16 |    33 ||    93
       Ring mail         |       |    22 |   121 |    18 ||   161
       Acid dragon scale |       |       |       |    67 ||    67
       Steam dragon scal |       |       |       |    29 ||    29
Dodge: Dodged            |    61 |    62 |   131 |   189 ||   443
Block: Buckler           |       |       |     4 |   122 ||   126

Table legend: (Time is in decaauts)
 A = Elapsed time spent in this place.
 B = Non-inter-level travel time spent in this place.
 C = Inter-level travel time spent in this place.
 D = Time resting spent in this place.
 E = Time spent auto-exploring this place.
 F = Levels seen in this place.
 G = Mean time per level.
                   A        B        C        D        E       F      G
               +--------+--------+--------+--------+--------+-----+--------+
         Total |  13205 |  12577 |    628 |   1661 |   8351 |  13 | 1015.8 |
       Dungeon |  12100 |  11484 |    616 |   1550 |   7940 |  11 | 1100.0 |
        Temple |    266 |    255 |     11 |      0 |    247 |   1 |  266.0 |
      Gauntlet |    838 |    838 |      0 |    111 |    164 |   1 |  838.0 |
               +--------+--------+--------+--------+--------+-----+--------+

Top non-repeatable levels by time:
     D:7: 1959 daAuts
     D:9: 1593 daAuts
    D:10: 1383 daAuts
     D:8: 1205 daAuts
     D:3: 1126 daAuts
     D:2: 1080 daAuts
     D:5: 1005 daAuts
     D:1: 1000 daAuts
     D:4: 910 daAuts
Gauntlet: 838 daAuts
     D:6: 817 daAuts
  Temple: 266 daAuts
    D:11: 16 daAuts
